 Dungeon Crawl Stone Soup version 0.21.1-1-g345015f (webtiles) character file.

30 goulibeur the Unweaver (level 3, -1/29 HPs)
             Began as a Demonspawn Abyssal Knight on July 19, 2018.
             Was a Follower of Lugonu.
             Slain by an adder (3 damage)
             ... on level 2 of the Dungeon.
             The game lasted 00:02:49 (1273 turns).

goulibeur the Unweaver (Demonspawn Abyssal Knight)  Turns: 1273, Time: 00:02:50

Health: -1/29      AC:  3    Str: 12    XL:     3   Next: 3%
Magic:  5/5        EV: 11    Int: 13    God:    Lugonu [*.....]
Gold:   25         SH:  0    Dex: 13    Spells: 2/2 levels left

rFire    . . .     SeeInvis .   a - +1 short sword
rCold    . . .     Gourm    .   (no shield)
rNeg     . . .     Faith    .   b - +0 leather armour
rPois    .         Spirit   .   (no helmet)
rElec    .         Reflect  .   (no cloak)
rCorr    .         Harm     .   (no gloves)
MR       .....                  (no boots)
Stlth    +.........             (no amulet)
HPRegen  0.09/turn              (no ring)
MPRegen  0.09/turn              (no ring)

@: no status effects
A: rot immunity
a: Depart the Abyss, Renounce Religion


You were on level 2 of the Dungeon.
You worshipped Lugonu.
Lugonu was aware of your devotion.
You were not hungry.

You visited 1 branch of the dungeon, and saw 2 of its levels.
You visited the Abyss 1 time.

You collected 25 gold pieces.

Inventory:

Hand Weapons
 a - a +1 short sword (weapon)
Armour
 b - a +0 leather armour (worn)
Scrolls
 d - a scroll of teleportation {unknown}
 g - 2 scrolls of amnesia {unknown}
 k - a scroll of identify {unknown}
Potions
 e - a potion of berserk rage {unknown}
 h - a potion of degeneration {unknown}
 i - a potion of haste {unknown}
 j - a potion of brilliance {unknown}
 l - a potion of mutation {unknown}
Comestibles
 c - 2 rations


   Skills:
 + Level 3.2 Fighting
 - Level 1.7 Short Blades
 + Level 2.1 Armour
 + Level 1.3 Dodging
 * Level 3.4 Invocations


You had 2 spell levels left.
You didn't know any spells.

Dungeon Overview and Level Annotations

Branches:
Dungeon (2/15)

Altars:


Innate Abilities, Weirdness & Mutations

You are immune to rotting.


Message History

You barely miss the adder.
The adder is heavily wounded.
The adder bites you.
* * * LOW HITPOINT WARNING * * *
You hit the adder.
The adder is severely wounded.
The adder bites you but does no damage. The jackal bites you.
* * * LOW HITPOINT WARNING * * *
The adder closely misses you.
You miss the adder.
The adder is severely wounded.
The jackal closely misses you. The adder barely misses you.
You closely miss the adder.
The adder is severely wounded.
* * * LOW HITPOINT WARNING * * *
You feel sick.
You are no longer poisoned.
The adder barely misses you. The adder bites you.
You die...

#..#.########.
#..#.# #. #..#<#
#. #..##########.
#.............
####
######.###########
#...##......#
#......####
###..S@..#
#...)hhh.#
##.......#
....#......# #?#
#......# #
#......# ##......
.......# $######.#


You could see an adder and 3 jackals.

Vanquished Creatures
  An ooze (D:1)
  A dart slug (D:1)
  A leopard gecko (D:1)
  3 bats (D:1)
  2 giant cockroaches (D:1)
  3 goblins
  3 hobgoblins (D:1)
  A kobold (D:2)
  A ball python (D:1)
  A frilled lizard (D:1)
  3 rats (D:1)
20 creatures vanquished.

Notes
Turn   | Place    | Note
-------+----------+-------------------------------------------
     0 | Abyss:1  | goulibeur the Demonspawn Abyssal Knight began the quest for the Orb.
     0 | Abyss:1  | Reached XP level 1. HP: 18/18 MP: 2/2
    29 | Abyss:1  | Found a corrupted altar of Lugonu.
    45 | Abyss:1  | Found a corrupted altar of Lugonu.
    54 | Abyss:1  | Noticed a wretched star
    55 | D:1      | Escaped the Abyss
    91 | D:1      | Reached skill level 1 in Dodging
   223 | D:1      | Gained mutation: You are immune to rotting. [demonic ancestry]
   223 | D:1      | Reached XP level 2. HP: 23/24 MP: 4/4
   238 | D:1      | Reached * piety under Lugonu
  1089 | D:2      | Reached XP level 3. HP: 16/29 MP: 5/5
  1272 | D:2      | HP: 1/29 [poisoned by an adder]
  1273 | D:2      | Slain by an adder

Skill      XL: |  1  2 |
---------------+-------+-----
Dodging        | 1 |  1.3
Armour         | 2 |  2.1
Invocations    | 3 |  3.4
Fighting       | |  3.2
Short Blades   | |  1.7

Action                   || total
-------------------------++-------
Melee: Short sword       ||   116
Invok: Depart the Abyss  ||     1
  Eat: Chunk             ||     1
Armor: Leather armour    ||    34
Dodge: Dodged            ||    60
